 Dungeon Crawl Stone Soup version 0.30.0 (webtiles) character file.

Game seed: 2233059337052917502

3857 Feijoa the Carver (level 10, 0/70 HPs)
             Began as a Djinni Gladiator on June 30, 2023.
             Was an Initiate of Gozag.
             Slain by an iron troll (glowing shapeshifter) (11 damage)
             ... on level 7 of the Dungeon.
             The game lasted 01:27:04 (7562 turns).

Feijoa the Carver (Djinni Gladiator)                Turns: 7562, Time: 01:27:04

Health: 0/70       AC:  8    Str: 17    XL:     10   Next: 41%
Gold:   381        EV: 20    Int: 10    God:    Gozag SH:  5 Dex: 15

rFire   + + .        b - +2 quarterstaff (chaos)
rCold   x . .        (shield currently unavailable)
rNeg    . . .        p - +3 leather armour
rPois   ∞            (helmet restricted)
rElec   .            (no cloak)
rCorr   .            (no gloves)
SInv    .            (boots unavailable)
Will    +....        a - amulet of reflection
Stlth   ++           u - +5 ring of evasion
HPRegen 0.31/turn    (no ring)
MPRegen 0.00/turn

%: reflection, infuse magic (-1 HP)
@: about to teleport, flying, invisible
A: sickness immunity, fire resistance 2, cold vulnerability 1, float, innate
caster, HP casting, extra vitality 1, antennae 1, iridescent scales 1, wild
magic 1, MP-powered wands
a: Renounce Religion, Potion Petition, Call Merchant, Bribe Branch


You were on level 7 of the Dungeon.
You worshipped Gozag.
Gozag was aware of your devotion.
You visited 1 branch of the dungeon, and saw 7 of its levels.
You also visited: Sewer.

You collected 518 gold pieces.
You spent 89 gold pieces at shops.
You paid 48 gold pieces to Gozag.

Inventory:

Hand Weapons
 b - a +2 quarterstaff of chaos (weapon)
 d - a +1 whip of draining
 m - a +0 whip of electrocution
 o - a +2 long sword
 w - a +2 dagger of draining
 H - a +4 hand axe
Armour
 c - a +0 helmet
 p - a +3 leather armour (worn)
 K - a +0 kite shield
Magical Staves
 C - a staff of cold
 L - a staff of fire
Jewellery
 a - an amulet of reflection (around neck)
 u - a +5 ring of evasion (left hand)
 x - a +6 ring of dexterity
 B - an amulet of regeneration
 J - a ring of poison resistance
Wands
 f - a wand of iceblast (17)
 g - a wand of digging (6)
 A - a wand of polymorph (3)
 I - a wand of flame (18)
Scrolls
 e - a scroll of butterflies {unknown}
 k - a scroll of teleportation
 r - 2 scrolls of magic mapping {unknown}
 s - 3 scrolls of immolation
 t - a scroll of torment {unknown}
 y - 3 scrolls of blinking
 F - a scroll of enchant armour {unknown}
 M - a scroll of poison {unknown}
Potions
 h - a potion of cancellation {unknown}
 i - a potion of berserk rage
 j - 2 potions of might {unknown}
 l - 2 potions of flight
 n - a potion of invisibility
 q - a potion of mutation
 z - a potion of magic {unknown}
 E - a potion of haste
 G - a potion of attraction {unknown}


   Skills:
 + Level 5.4 Fighting
 + Level 8.7 Long Blades
 + Level 0.4 Staves
 + Level 2.4 Throwing
 + Level 4.4 Armour
 + Level 7.4 Dodging
 + Level 2.2 Stealth
 + Level 4.5 Shields
 + Level 1.1 Spellcasting
 + Level 0.6 Evocations


You knew the following spells:

 Your Spells              Type           Power      Damage    Failure   Level
a - Summon Small Mammal   Summ           12%        N/A       34%         1
b - Static Discharge      Conj/Air       6%         2-3/arc   45%         2
c - Dazzling Flash        Conj/Hex       6%         N/A       67%         3
d - Leda's Liquefaction   Hex/Erth       1%         N/A       96%         4
Your spell library was empty.

Dungeon Overview and Level Annotations

Branches:
Dungeon (7/15)              Sewer (visited)
 Temple: D:4-7

Altars:
Dithmenos
Gozag
Wu Jian
Xom
The Shining One

Shops:
D:6 [   D:7 *


Innate Abilities, Weirdness & Mutations

You are immune to sickness and miasma.
You are immune to poison.
Your flesh is very heat resistant. (rF++)
You are vulnerable to cold. (rC-)
You float through the air rather than walking.
You learn spells naturally, not from books.
Your magical power is your life essence.
You have superior vitality. (+4 MHP)
You have a pair of small antennae on your head.
You are partially covered in iridescent scales. (AC +2)
Your spells are a little harder to cast, but a little more powerful.
You expend health (3 HP) to strengthen your wands.


Message History

The gnoll closely misses you. The gnoll barely misses you.
You thump the gnoll! You freeze the gnoll.
You kill the gnoll!
An iron troll comes into view.
Things that are here:
7 gold pieces; a +0 spear
Aiming: Throw Flame
Press: ? - help, Shift-Dir - straight line, f - iron troll
Aim: an iron troll (94% to hit)
You feel a surge of power!
The puff of flame hits the iron troll.
The iron troll resists.
The iron troll is lightly wounded.
Aiming: Throw Flame
Press: ? - help, Shift-Dir - straight line, f/p - iron troll
Aim: an iron troll (lightly wounded, 94% to hit)
You feel a surge of power!
The puff of flame hits the iron troll but does no damage.
The iron troll is lightly wounded.
The iron troll changes into an azure jelly!
You hit the azure jelly.
The azure jelly resists with almost no effort.
The azure jelly is lightly wounded.
The azure jelly changes into a quicksilver dragon!
Blink to where?
Press: ? - help, Dir - move target, p - quicksilver dragon
Okay, then.
You hit the quicksilver dragon. You freeze the quicksilver dragon.
The quicksilver dragon is lightly wounded.
The quicksilver dragon changes into an iron troll!
You hit the iron troll.
The iron troll is lightly wounded.
The iron troll bites you!!
* * * LOW HITPOINT WARNING * * *
The iron troll misses you. The iron troll closely misses you.
As you read the scroll of teleportation, it crumbles to dust.
You feel strangely unstable.
You fade into invisibility!
The iron troll bites you!
You die...
Your body crumbles into a pile of gold.

##.....# #.## #........# #.## #.
##.....# ##.####..####..# #.# ##
##.....## #.......#####.###.# #
##......###..#..#...##...##.# ##
#...........##..###...#.....####.
....#......####.# ##.##.......#.#
.....#....## #.# #.###....###..#
...........####$###.###....###..#
..#....###.....T@...##.....##....
###....# ###..##................#
# #....## ##$####..............##
###5.5..# #(..# #..............#
.g...##.###...###....#####.....##
....###..#.....##....# ###.....
##.#####...###.......## ##.#..
##...###..## ##.......## #.####
...........####...##...#####.# #


You could see an iron troll shaped shifter (unable to see you).

Vanquished Creatures
  Pikel (D:6)
  The ghost of atomic the Shield-Bearer, a novice MeFi of Ru (D:5)
  A troll (D:6)
  Grinder (D:4)
  Sigmund (D:2)
  A yak (D:5)
  Eustachio (D:4)
  3 water moccasins
  An ice beast (D:5)
  A sky beast (D:6)
  An ogre (D:5)
  A wolf (D:6)
  The ghost of Endbringerleviathan the Sneak, an amateur NaFE (D:3)
  A lemure (D:6)
  2 phantoms
  6 kobold brigands
  A scorpion (D:5)
  A howler monkey (D:5)
  3 quasits (D:3)
  3 hounds
  Crazy Yiuf (D:6)
  2 orc priests
  A sleepcap (D:5)
  5 jellies
  2 iguanas (D:4)
  2 orc wizards
  8 gnolls (D:7)
  A river rat (Sewer)
  8 adders
  A shadow imp (D:7)
  A white imp (D:5)
  An ufetubus (D:6)
  8 worms
  18 orcs
  10 endoplasms
  5 giant cockroaches
  3 goblins
  4 hobgoblins
  3 jackals (D:3)
  2 quokkas
  11 ball pythons
  4 bats
  5 frilled lizards
  14 kobolds
  7 rats
159 creatures vanquished.

Vanquished Creatures (others)
  4 fungi (D:6)
4 creatures vanquished.

Grand Total: 163 creatures vanquished

Notes
Turn   | Place    | Note
-------+----------+-------------------------------------------
     0 | D:1      | Feijoa the Djinni Gladiator began the quest for the Orb.
     0 | D:1      | Reached XP level 1. HP: 18/18 MP: 0/0
   155 | D:1      | Reached XP level 2. HP: 23/23 MP: 0/0
   228 | D:1      | Reached skill level 3 in Long Blades
   535 | D:1      | Reached XP level 3. HP: 28/28 MP: 0/0
   535 | D:1      | Learned a level 1 spell: Summon Small Mammal
   669 | D:1      | Gained mutation: You have a pair of small horns on your
                  | head. [potion of mutation]
   669 | D:1      | Gained mutation: Your spells are a little harder to cast,
                  | but a little more powerful. [potion of mutation]
   669 | D:1      | Gained mutation: Your flesh is almost immune to the effects
                  | of heat. (rF+++) [potion of mutation]
   670 | D:1      | Lost mutation: Your flesh is almost immune to the effects
                  | of heat. (rF+++) [potion of mutation]
   670 | D:1      | Lost mutation: You have a pair of small horns on your head.
                  | [potion of mutation]
   670 | D:1      | Gained mutation: You expend health (3 HP) to strengthen
                  | your wands. [potion of mutation]
   670 | D:1      | Gained mutation: You have hidden genetic potential. [potion
                  | of mutation]
   857 | D:2      | Reached skill level 1 in Armour
  1218 | D:2      | Noticed Sigmund
  1279 | D:2      | Killed Sigmund
  1280 | D:2      | Reached XP level 4. HP: 29/34 MP: 0/0
  1280 | D:2      | Reached XP level 5. HP: 34/39 MP: 0/0
  1280 | D:2      | Learned a level 2 spell: Static Discharge
  1280 | D:2      | Reached XP level 6. HP: 39/45 MP: 0/0
  1704 | D:3      | Found a transporter.
  1705 | D:3      | Noticed Endbringerleviathan's ghost (amateur NaFE)
  1721 | D:3      | Found a transporter.
  1835 | D:3      | Found a glowing golden altar of the Shining One.
  1836 | D:3      | Found a shadowy altar of Dithmenos.
  2188 | D:3      | Found a glowing drain.
  2209 | Sewer    | Entered a sewer
  2265 | Sewer    | Reached skill level 4 in Long Blades
  2451 | Sewer    | Reached XP level 7. HP: 49/49 MP: 0/0
  2451 | Sewer    | Learned a level 3 spell: Dazzling Flash
  2471 | Sewer    | Gained mutation: You are partially covered in iridescent
                  | scales. (AC +2) [hidden potential]
  2674 | Sewer    | Reached skill level 1 in Stealth
  2750 | Sewer    | Reached skill level 1 in Shields
  2933 | Sewer    | Reached skill level 5 in Long Blades
  3411 | D:4      | Found a shimmering altar of Xom.
  3415 | D:4      | Noticed Grinder
  3439 | D:4      | Paralysed by Grinder for 4 turns
  3456 | D:4      | Reached XP level 8. HP: 35/56 MP: 0/0
  3464 | D:4      | Paralysed by Grinder for 3 turns
  3469 | D:4      | Killed Grinder
  3906 | D:4      | Reached skill level 1 in Spellcasting
  3943 | D:4      | Noticed Eustachio
  3990 | D:4      | Killed Eustachio
  3991 | D:4      | Reached skill level 6 in Long Blades
  3991 | D:4      | Reached skill level 5 in Dodging
  4205 | D:3      | Killed Endbringerleviathan's ghost
  4289 | D:5      | Entered Level 5 of the Dungeon
  4327 | D:5      | Reached XP level 9. HP: 62/62 MP: 0/0
  4327 | D:5      | Learned a level 4 spell: Leda's Liquefaction
  4601 | D:5      | Gained mutation: You have a pair of small antennae on your
                  | head. [hidden potential]
  4601 | D:5      | Lost mutation: You have hidden genetic potential. [hidden
                  | potential expressed]
  4798 | D:5      | Found an opulent altar of Gozag.
  4819 | D:5      | Became a worshipper of Gozag Ym Sagoz the Greedy
  4873 | D:5      | Reached skill level 7 in Long Blades
  4950 | D:5      | Found a runed translucent door.
  4955 | D:5      | Noticed atomic's ghost (novice MeFi)
  4974 | D:5      | Killed atomic's ghost
  5629 | D:6      | Noticed Blork the orc
  5828 | D:6      | Blork the orc changed into Blork the wolf
  5828 | D:6      | Noticed Blork
  5835 | D:6      | Killed Blork the wolf
  6042 | D:6      | Noticed Pikel
  6055 | D:6      | Reached skill level 8 in Long Blades
  6066 | D:6      | Killed Pikel
  6067 | D:6      | Reached skill level 5 in Fighting
  6067 | D:6      | Reached XP level 10. HP: 24/70 MP: 0/0
  6276 | D:6      | Found Rawnak's Armour Shoppe.
  6285 | D:6      | Bought a +0 kite shield for 63 gold pieces
  6537 | D:6      | Found an ornate altar of the Wu Jian Council.
  6789 | D:6      | Found a runed translucent door.
  6790 | D:6      | Noticed Crazy Yiuf
  6803 | D:6      | Killed Crazy Yiuf
  7328 | D:7      | Found Sicvatau's General Store.
  7337 | D:7      | Bought a scroll of identify for 26 gold pieces
  7494 | D:7      | a gnoll sergeant changed into a glowing shapeshifter
  7494 | D:7      | Noticed a glowing shapeshifter (glowing shapeshifter)
  7494 | D:7      | a glowing shapeshifter changed into a glowing orange brain
  7494 | D:7      | Noticed a glowing orange brain (glowing shapeshifter)
  7495 | D:7      | a glowing orange brain changed into an eye of devastation
  7495 | D:7      | Noticed an eye of devastation (glowing shapeshifter)
  7497 | D:7      | an eye of devastation changed into an orb spider
  7497 | D:7      | Noticed an orb spider (glowing shapeshifter)
  7502 | D:7      | a floating eye changed into a sea snake
  7502 | D:7      | Noticed a sea snake (glowing shapeshifter)
  7506 | D:7      | a sea snake changed into an anaconda
  7506 | D:7      | Noticed an anaconda (glowing shapeshifter)
  7510 | D:7      | an anaconda changed into a satyr
  7510 | D:7      | Noticed a satyr (glowing shapeshifter)
  7511 | D:7      | a satyr changed into a boulder beetle
  7511 | D:7      | Noticed a boulder beetle (glowing shapeshifter)
  7512 | D:7      | a boulder beetle changed into a satyr
  7512 | D:7      | Noticed a satyr (glowing shapeshifter)
  7512 | D:7      | a satyr changed into an emperor scorpion
  7512 | D:7      | Noticed an emperor scorpion (glowing shapeshifter)
  7518 | D:7      | an emperor scorpion changed into an iron troll
  7518 | D:7      | Noticed an iron troll (glowing shapeshifter)
  7548 | D:7      | Noticed an iron troll
  7551 | D:7      | an iron troll changed into an azure jelly
  7551 | D:7      | Noticed an azure jelly (glowing shapeshifter)
  7555 | D:7      | an azure jelly changed into a quicksilver dragon
  7555 | D:7      | Noticed a quicksilver dragon (glowing shapeshifter)
  7556 | D:7      | a quicksilver dragon changed into an iron troll
  7556 | D:7      | Noticed an iron troll (glowing shapeshifter)
  7562 | D:7      | Slain by an iron troll (glowing shapeshifter)

Illustrated notes

Levels and vault maps discovered:
D:1:      dpeg_arrival_rhombus, layout_basic, minmay_ruptured
D:2:      layout_loops_ring, serial_aquarium, aquarium_bridge_square
          [aquarium_subvault_wall, aquarium_subvault_bridge,
          aquarium_subvault_bridge, aquarium_subvault_wall],
          aquarium_bridge_square [aquarium_subvault_window,
          aquarium_subvault_bridge, aquarium_subvault_bridge,
          aquarium_subvault_balcony], aquarium_window_1, aquarium_window_1,
          aquarium_window_fake, aquarium_view_4, aquarium_view_2b,
          aquarium_pool_2, minivault_24, roderic_roman_lattice,
          minmay_misc_feat_more_columns, uniq_sigmund
D:3:      layout_loops_ring, grunt_temple_overflow_open,
          cheibrodos_sewer_entry_bend, gammafunk_ghost_stat_death
D:4:      layout_basic, mainiacjoe_overflow_catwalk, uniq_grinder,
          uniq_eustachio
D:5:      layout_loops_ring, mainiacjoe_overflow_tiny_flanked,
          ebering_ghost_inner_flame
D:6:      layout_rooms, nicolae_wu_jian_wuxing_cycle, serial_shops,
          nicolae_shop_advertising_works [nicolae_subvault_shop_adworks],
          uniq_crazy_yiuf_cottage, uniq_pikel, uniq_blork_the_orc
D:7:      layout_layer_cave, minmay_temple_entry_glassed_door, serial_shops,
          shop

Skill      XL: |  1  2  3  4  5  6  7  8  9 10 |
---------------+-------------------------------+-----
Long Blades    | 3 4 5 6 8 |  8.7
Armour         | 2 3 4 |  4.4
Throwing       | 2 |  2.4
Dodging        | 4 5 7 |  7.4
Fighting       | 3 4 5 |  5.4
Stealth        | 1 2 |  2.2
Shields        | 1 2 3 4 |  4.5
Spellcasting   | 1 |  1.1
Staves         | |  0.4
Evocations     | |  0.6

Action                     |  1- 3 |  4- 6 |  7- 9 | 10-12 || total
---------------------------+-------+-------+-------+-------++-------
  Melee: Long sword        |    72 |    95 |   435 |    78 ||   680
         Punch             |       |     1 |     2 |       ||     3
         Quarterstaff      |       |       |       |    37 ||    37
  Throw: Throwing net      |     5 |     1 |       |       ||     6
         Javelin           |     3 |     1 |     3 |     6 ||    13
   Cast: Summon Small Mamm |     3 |       |     3 |       ||     6
  Evoke: Wand              |       |       |     5 |     3 ||     8
    Use: Scroll            |     9 |     2 |     2 |     3 ||    16
         Potion            |     2 |       |     7 |     3 ||    12
   Stab: Sleeping          |       |     2 |     1 |       ||     3
         Invisible         |       |       |     4 |       ||     4
 Armour: Leather armour    |    14 |    24 |   115 |    15 ||   168
         Scale mail        |     7 |       |       |       ||     7
         Ring mail         |     2 |       |       |       ||     2
  Dodge: Dodged            |    56 |    64 |   557 |    80 ||   757
  Block: Other             |       |    23 |   137 |    16 ||   176
         Reflection        |       |     1 |     1 |       ||     2
         Kite shield       |       |       |       |    47 ||    47
